AoeStats
← nkz ; banhoul

MegaRandom

509138429Analyzed
2v2 RM · 6d ago on Sep 25, 2026· 64m 51s· 4 players
Game mode
Random Map
Map size
Medium (4 player)
Population
200
Speed
Normal
Resources
Standard
Victory
Conquest
Starting age
Dark Age
Ending age
Imperial Age
RankedLock teamsTeams togetherTeam positionsShared explorationLock speedFull tech treeHidden civsTurbo modeCheats
Victory
Defeat
🇵🇱 Saracens · Poland
887
+16
🇵🇱 Bohemians · Poland
884
+16
🇦🇷 Vietnamese · Argentina
922
-18
🇨🇳 Spanish · China
837
-14
AnnDziGro
11:46 Feudal Age
17:23 Castle Age
15:33 Double-Bit Axe
16:08 Horse Collar
20:18 Pikeman
22:08 Forging
22:39 Husbandry
22:31 Town Watch
25:29 Wheelbarrow
26:16 Bloodlines
28:22 Hand Cart
36:03 Imperial Age
33:45 Bow Saw
33:40 Heavy Plow
35:19 Medium Warships
36:06 Murder Holes
36:32 Ballistics
36:36 Gold Mining
37:31 Heavy Warships
37:04 Onager
38:08 Squires
37:53 Gambesons
38:10 Fishing Lines
43:00 Chemistry
43:28 Conscription
43:23 Bimaristan
45:02 Heavy Camel Rider
45:51 Elite Cannon Galleon
46:25 Gillnets
46:38 Town Patrol
47:40 Two-Man Saw
58:59 Loom
MarDziGro
11:40 Feudal Age
15:54 Loom
18:40 Castle Age
16:40 Horse Collar
19:59 Squires
21:47 Double-Bit Axe
22:38 Pikeman
26:14 Caravan
27:30 Elite Skirmisher
28:57 Wheelbarrow
29:53 Padded Archer Armor
31:06 Forging
31:12 Leather Archer Armor
30:54 Fletching
32:33 Fervor
32:52 Sanctity
33:35 Iron Casting
33:02 Scale Mail Armor
33:06 Heavy Plow
33:20 Bow Saw
33:56 Bodkin Arrow
34:25 Hand Cart
33:56 Town Watch
36:24 Murder Holes
37:30 Chemistry
36:51 Ballistics
37:51 Chain Mail Armor
38:19 Town Patrol
41:32 Imperial Age
39:28 Wagenburg Tactics
41:42 Scale Barding Armor
41:25 Arson
43:12 Conscription
42:18 Elite Hussite Wagon
43:43 Plate Mail Armor
43:04 Arrowslits
43:25 Siege Engineers
44:14 Hussite Reforms
46:09 Husbandry
45:30 Light Cavalry
45:33 Cavalier
46:49 Fortified Wall
47:50 Two-Man Saw
47:35 Coinage
47:15 Guilds
49:11 Houfnice
nkz ; banhoul
7:23 Loom
10:16 Feudal Age
10:42 Double-Bit Axe
12:44 Gold Mining
13:52 Horse Collar
16:30 Scale Barding Armor
18:16 Fletching
22:00 Castle Age
22:25 Crossbowman
24:31 Bow Saw
24:31 Thumb Ring
26:20 Stone Mining
28:13 Bodkin Arrow
33:40 Heavy Plow
38:26 Stone Shaft Mining
39:06 Wheelbarrow
38:59 Ballistics
41:21 Imperial Age
42:02 Onager
44:10 Arbalester
45:18 Bracer
46:21 Chemistry
46:49 Husbandry
清风与我
0:28 Loom
9:49 Feudal Age
11:31 Wheelbarrow
14:12 Town Watch
20:06 Castle Age
20:45 Gold Mining
21:35 Scale Barding Armor
21:35 Husbandry
23:21 Chain Barding Armor
26:13 Hand Cart
29:06 Squires
28:26 Pikeman
31:07 Stone Mining
34:03 Stone Mining
37:42 Forging
42:32 Imperial Age
42:39 Cavalier
44:57 Paladin
45:12 Paladin
Connection lost

Rejoining the realm…

Still unreachable

The connection could not be restored.

Session expired

The server has moved on; the page needs a fresh start.